[Event "FICS rated blitz game"]
[Site "FICS freechess.org"]
[FICSGamesDBGameNo "20001715"]
[White "Emppu"]
[Black "edmundo"]
[WhiteElo "1363"]
[BlackElo "1541"]
[WhiteRD "na"]
[BlackRD "na"]
[TimeControl "180+12"]
[Date "1999.09.09"]
[Time "12:03:00"]
[WhiteClock "0:03:00.000"]
[BlackClock "0:03:00.000"]
[ECO "B90"]
[PlyCount "48"]
[Result "0-1"]

1. e4 c5 2. Nf3 d6 3. d4 cxd4 4. Nxd4 Nf6 5. Nc3 a6 6. Bd3 Nc6 7. Nb3 e6 8. f4 Be7 9. O-O b5 10. Qf3 O-O 11. Bd2 Qc7 12. Rad1 Bb7 13. Qh3 Nb4 14. Rde1 Rad8 15. e5 Nxd3 16. cxd3 Nd5 17. f5 dxe5 18. Qg4 Bc5+ 19. Nxc5 Qxc5+ 20. Kh1 Nf6 21. Qg3 Kh8 22. Be3 Qc6 23. Bh6 gxh6 24. Qxe5 Qxg2# {White checkmated} 0-1

[Event "FICS rated lightning game"]
[Site "FICS freechess.org"]
[FICSGamesDBGameNo "20001714"]
[White "JoeT"]
[Black "Senkath"]
[WhiteElo "1707"]
[BlackElo "1743"]
[WhiteRD "na"]
[BlackRD "na"]
[TimeControl "60+0"]
[Date "1999.09.09"]
[Time "09:44:00"]
[WhiteClock "0:01:00.000"]
[BlackClock "0:01:00.000"]
[ECO "D40"]
[PlyCount "74"]
[Result "0-1"]

1. d4 d5 2. c4 Nf6 3. Nc3 e6 4. Nf3 c5 5. g3 cxd4 6. Qxd4 Nc6 7. Qd1 Be7 8. cxd5 exd5 9. Bg2 O-O 10. e3 Re8 11. O-O d4 12. Nxd4 Bb4 13. Nxc6 bxc6 14. Qxd8 Rxd8 15. a3 Ba5 16. b4 Bb6 17. Bb2 c5 18. bxc5 Bxc5 19. Rfd1 Rxd1+ 20. Rxd1 Ba6 21. Ne4 Nxe4 22. Bxe4 Re8 23. Bg2 h6 24. Rd7 Bb5 25. Bf3 Bxd7 26. Bd5 Bh3 27. Bg2 Bxg2 28. Kxg2 Rb8 29. Be5 Rb3 30. h4 Rxa3 31. Bf4 Rb3 32. Bb8 a5 33. Bc7 a4 34. Be5 a3 35. Ba1 a2 36. Be5 Ba3 37. Bd4 Bb2 {White forfeits on time} 0-1

[Event "FICS rated lightning game"]
[Site "FICS freechess.org"]
[FICSGamesDBGameNo "20001713"]
[White "JoeT"]
[Black "trelling"]
[WhiteElo "1710"]
[BlackElo "1715"]
[WhiteRD "na"]
[BlackRD "na"]
[TimeControl "60+0"]
[Date "1999.09.09"]
[Time "08:11:00"]
[WhiteClock "0:01:00.000"]
[BlackClock "0:01:00.000"]
[ECO "A05"]
[PlyCount "75"]
[Result "0-1"]

1. Nf3 Nf6 2. g3 g6 3. Bg2 Bg7 4. O-O c6 5. c3 d5 6. d4 O-O 7. Nbd2 Bf5 8. Nh4 Bd7 9. e4 dxe4 10. Nxe4 Nxe4 11. Bxe4 f5 12. Bg2 e5 13. dxe5 Bxe5 14. Qe2 Bg7 15. Rd1 Qc7 16. Bf4 Qb6 17. Rd6 Qc5 18. Rad1 Rd8 19. Bg5 Qe5 20. Qc4+ Be6 21. Rxd8+ Kf7 22. Qf1 Bf6 23. Bxf6 Qxf6 24. Qd3 g5 25. Nf3 g4 26. Nd4 Bd5 27. Bxd5+ cxd5 28. Rxd5 Nc6 29. Nxc6 bxc6 30. Rd7+ Kf8 31. Qc4 f4 32. Rb7 fxg3 33. Qc5+ Kg8 34. Rdd7 Qxf2+ 35. Qxf2 gxf2+ 36. Kxf2 g3+ 37. Kxg3 Kh8 38. Rg7 {White forfeits on time} 0-1

[Event "FICS rated blitz game"]
[Site "FICS freechess.org"]
[FICSGamesDBGameNo "20001712"]
[White "Carls"]
[Black "DMacintyre"]
[WhiteElo "1329"]
[BlackElo "1192"]
[WhiteRD "na"]
[BlackRD "na"]
[TimeControl "300+10"]
[Date "1999.09.09"]
[Time "06:11:00"]
[WhiteClock "0:05:00.000"]
[BlackClock "0:05:00.000"]
[ECO "B38"]
[PlyCount "70"]
[Result "0-1"]

1. e4 c5 2. Nf3 Nc6 3. d4 cxd4 4. Nxd4 g6 5. c4 Bg7 6. Be3 Nf6 7. f3 O-O 8. Be2 b6 9. Nc3 Ba6 10. b3 Qc7 11. Qd2 Qd6 12. O-O-O Ne8 13. Ncb5 Bxb5 14. Nxb5 Qxd2+ 15. Rxd2 d6 16. h4 a6 17. Na3 Nc7 18. h5 Nb4 19. Bxb6 Ne6 20. hxg6 fxg6 21. Be3 Rfb8 22. Bh6 Bc3 23. Rdd1 Nxa2+ 24. Kc2 Bb4 25. Nb1 Bc5 26. Kb2 Nb4 27. Nc3 Nc6 28. f4 Be3 29. f5 Bxh6 30. Rxh6 Kg7 31. Rdh1 Ng5 32. fxg6 hxg6 33. Bf3 Nd4 34. Bg4 Rxb3+ 35. Ka2 Rxc3 {White resigns} 0-1

[Event "FICS rated blitz game"]
[Site "FICS freechess.org"]
[FICSGamesDBGameNo "20001711"]
[White "Latvija"]
[Black "stoneeybridge"]
[WhiteElo "1142"]
[BlackElo "1312"]
[WhiteRD "na"]
[BlackRD "na"]
[TimeControl "120+12"]
[Date "1999.09.09"]
[Time "05:17:00"]
[WhiteClock "0:02:00.000"]
[BlackClock "0:02:00.000"]
[ECO "C42"]
[PlyCount "74"]
[Result "0-1"]

1. e4 e5 2. Nf3 Nf6 3. Nc3 d5 4. d3 d4 5. Ne2 Nc6 6. Bg5 h6 7. Bh4 Bg4 8. Qd2 Bb4 9. c3 dxc3 10. bxc3 Ba5 11. Bg3 O-O 12. Nxe5 Nxe5 13. Bxe5 Nd7 14. Bd4 c5 15. Be3 Ne5 16. d4 cxd4 17. Nxd4 Nc6 18. Bb5 Nxd4 19. Bxd4 a6 20. Bc4 Re8 21. f3 Bf5 22. O-O Bd7 23. Qf4 Be6 24. Qg3 Qg5 25. Qxg5 hxg5 26. Bxe6 Rxe6 27. Rab1 b5 28. h3 Rc8 29. Rfc1 Rec6 30. Rb3 f6 31. e5 Bc7 32. exf6 gxf6 33. Re1 Bf4 34. Re7 Bd2 35. Kh2 Bxc3 36. Bf2 Be5+ 37. Bg3 Bxg3+ {White resigns} 0-1

[Event "FICS rated blitz game"]
[Site "FICS freechess.org"]
[FICSGamesDBGameNo "20001710"]
[White "nippon"]
[Black "ChequeredFuture"]
[WhiteElo "1313"]
[BlackElo "1173"]
[WhiteRD "na"]
[BlackRD "na"]
[TimeControl "180+12"]
[Date "1999.09.08"]
[Time "23:25:00"]
[WhiteClock "0:03:00.000"]
[BlackClock "0:03:00.000"]
[ECO "C78"]
[PlyCount "34"]
[Result "0-1"]

1. e4 e5 2. Nf3 Nc6 3. Bb5 a6 4. Ba4 Bc5 5. O-O d6 6. c3 b5 7. Bb3 Nf6 8. d4 exd4 9. cxd4 Bb4 10. Bg5 Bg4 11. a3 Ba5 12. h3 Bh5 13. Bd5 Kd7 14. Bxc6+ Kxc6 15. b4 Bb6 16. Bxf6 Qxf6 17. g4 Bg6 {White forfeits on time} 0-1

[Event "FICS rated blitz game"]
[Site "FICS freechess.org"]
[FICSGamesDBGameNo "20001708"]
[White "FrozenPawn"]
[Black "Belamont"]
[WhiteElo "1136"]
[BlackElo "1563"]
[WhiteRD "na"]
[BlackRD "na"]
[TimeControl "300+0"]
[Date "1999.09.08"]
[Time "20:29:00"]
[WhiteClock "0:05:00.000"]
[BlackClock "0:05:00.000"]
[ECO "D00"]
[PlyCount "44"]
[Result "0-1"]

1. d4 d5 2. Nc3 e6 3. e3 Nf6 4. Nf3 Be7 5. Ne5 O-O 6. Bd3 c5 7. Ng4 Nxg4 8. Qxg4 e5 9. Qh5 e4 10. Be2 Be6 11. O-O Nc6 12. f3 cxd4 13. exd4 Nxd4 14. fxe4 Nxc2 15. Rb1 d4 16. Nb5 Bxa2 17. Nxd4 Qxd4+ 18. Kh1 Bxb1 19. Rd1 Qf2 20. Bh6 Ba2 21. Bxg7 Kxg7 22. Qg5+ Bxg5 {White resigns} 0-1

[Event "FICS rated blitz game"]
[Site "FICS freechess.org"]
[FICSGamesDBGameNo "20001707"]
[White "ARDA"]
[Black "sofus"]
[WhiteElo "1715"]
[BlackElo "1849"]
[WhiteRD "na"]
[BlackRD "na"]
[TimeControl "180+0"]
[Date "1999.09.08"]
[Time "17:29:00"]
[WhiteClock "0:03:00.000"]
[BlackClock "0:03:00.000"]
[ECO "A48"]
[PlyCount "98"]
[Result "0-1"]

1. d4 Nf6 2. Nf3 g6 3. Bg5 Bg7 4. c3 O-O 5. Nbd2 d6 6. e4 Bg4 7. Bd3 Nbd7 8. h3 Bxf3 9. Nxf3 c6 10. O-O Qc7 11. Qd2 e5 12. Bh6 Rfe8 13. Bxg7 Kxg7 14. Rae1 Rad8 15. Qc2 Nh5 16. g3 Re7 17. Kh2 Rde8 18. Nd2 c5 19. d5 a6 20. Be2 Nhf6 21. f4 exf4 22. Rxf4 Nxd5 23. Rf3 N5f6 24. Ref1 Qc6 25. Bd3 Re6 26. Bc4 R6e7 27. Qd1 b5 28. Bd5 Nxd5 29. exd5 Qxd5 30. Qc2 Ne5 31. Rf4 Nc4 32. R1f2 Nxd2 33. Rxd2 Qc4 34. Rdf2 Re2 35. Qd1 Rxf2+ 36. Rxf2 Qe6 37. Qf3 d5 38. h4 d4 39. cxd4 cxd4 40. Qf4 Re7 41. Qxd4+ Qe5 42. Qf4 Qxf4 43. gxf4 Re4 44. Kg3 Rc4 45. Rd2 a5 46. Kf3 a4 47. Ke3 b4 48. Rd4 Rxd4 49. Kxd4 Kf6 {White forfeits on time} 0-1

[Event "FICS rated blitz game"]
[Site "FICS freechess.org"]
[FICSGamesDBGameNo "20001706"]
[White "Schelli"]
[Black "evilmike"]
[WhiteElo "1451"]
[BlackElo "1688"]
[WhiteRD "na"]
[BlackRD "na"]
[TimeControl "180+0"]
[Date "1999.09.08"]
[Time "17:04:00"]
[WhiteClock "0:03:00.000"]
[BlackClock "0:03:00.000"]
[ECO "D45"]
[PlyCount "52"]
[Result "0-1"]

1. d4 d5 2. c4 e6 3. e3 c6 4. Nf3 Nf6 5. Nc3 Bd6 6. cxd5 exd5 7. Bd3 Nbd7 8. O-O O-O 9. b3 Re8 10. Bb2 Ne4 11. Re1 f5 12. Qc2 Ndf6 13. Nd2 Qc7 14. f3 Bxh2+ 15. Kf1 Ng3+ 16. Kf2 Nfe4+ 17. Bxe4 Nxe4+ 18. Ndxe4 fxe4 19. f4 Qe7 20. Ke2 Qh4 21. Rh1 Qg4+ 22. Kd2 Qxg2+ 23. Ne2 Bg4 24. Kc3 Bxe2 25. Rag1 Bxg1 26. Rxg1 Qxg1 {White resigns} 0-1

[Event "FICS rated blitz game"]
[Site "FICS freechess.org"]
[FICSGamesDBGameNo "20001705"]
[White "okkie"]
[Black "ESPERANZA"]
[WhiteElo "1766"]
[BlackElo "1707"]
[WhiteRD "na"]
[BlackRD "na"]
[TimeControl "300+0"]
[Date "1999.09.08"]
[Time "16:53:00"]
[WhiteClock "0:05:00.000"]
[BlackClock "0:05:00.000"]
[ECO "C40"]
[PlyCount "126"]
[Result "0-1"]

1. e4 e5 2. Nf3 d5 3. Bb5+ c6 4. Be2 dxe4 5. Nxe5 Bd6 6. Nc4 Nf6 7. Nc3 O-O 8. d3 Re8 9. Bg5 exd3 10. Qxd3 Be7 11. O-O-O Qxd3 12. Bxd3 Be6 13. Rhe1 Nbd7 14. Na5 Nc5 15. Be3 Nxd3+ 16. Rxd3 Bf5 17. Rdd1 Bb4 18. Nxb7 Bxc3 19. bxc3 Ne4 20. Nd6 Nxc3 21. Nxf5 Nxd1 22. Rxd1 g6 23. Nd6 Re6 24. c4 a5 25. Rd2 Rb8 26. Bh6 f5 27. Kc2 Rb4 28. Kc3 Ra4 29. h4 Ra3+ 30. Kb2 Ra4 31. Kc3 Ra3+ 32. Kb2 Ra4 33. f3 Rb4+ 34. Kc3 Re1 35. a3 Rc1+ 36. Rc2 Rxc2+ 37. Kxc2 Rb8 38. Bd2 a4 39. Kd3 Rb3+ 40. Kd4 Rxa3 41. Kc5 Ra2 42. Bc3 Rc2 43. Bb4 Rxg2 44. Kxc6 Rg3 45. Kd7 Rxf3 46. c5 Rf1 47. c6 Rc1 48. c7 f4 49. c8=Q+ Rxc8 50. Kxc8 f3 51. Ne4 Kf7 52. h5 gxh5 53. Ng5+ Kg6 54. Nxf3 Kf5 55. Kc7 Ke4 56. Ng5+ Kf5 57. Nxh7 h4 58. Kb6 h3 59. Bd6 a3 60. Bxa3 h2 61. Bc5 h1=Q 62. Nf8 Qh6+ 63. Kc7 Qg7+ {White forfeits on time} 0-1

[Event "FICS rated blitz game"]
[Site "FICS freechess.org"]
[FICSGamesDBGameNo "20001704"]
[White "Yoramo"]
[Black "kaiposs"]
[WhiteElo "1355"]
[BlackElo "1321"]
[WhiteRD "na"]
[BlackRD "na"]
[TimeControl "240+10"]
[Date "1999.09.08"]
[Time "16:42:00"]
[WhiteClock "0:04:00.000"]
[BlackClock "0:04:00.000"]
[ECO "D31"]
[PlyCount "130"]
[Result "0-1"]

1. d4 d5 2. c4 c6 3. Nc3 Nf6 4. e3 e6 5. cxd5 cxd5 6. Qa4+ Bd7 7. Bb5 a6 8. Bxd7+ Qxd7 9. Qb3 b5 10. Nf3 Nc6 11. O-O Be7 12. Qc2 Nb4 13. Qd2 O-O 14. a3 Nc6 15. b4 Rad8 16. Bb2 Ne4 17. Nxe4 dxe4 18. Ne1 Ne5 19. Qc3 Nc4 20. Nc2 Rc8 21. Rab1 Nxb2 22. Qxb2 f5 23. Rfd1 Bf6 24. Qb3 Rc4 25. Rbc1 Kh8 26. a4 Rfc8 27. axb5 axb5 28. Qb2 h6 29. g3 Qc6 30. Qa2 Rxc2 31. Rxc2 Qxc2 32. Qxc2 Rxc2 33. d5 Rb2 34. dxe6 Rxb4 35. Rd5 Rb1+ 36. Kg2 g6 37. Rd7 b4 38. Rf7 Bg5 39. h4 Bxe3 40. fxe3 Kg8 41. Ra7 Kf8 42. Rb7 b3 43. Kf2 Rb2+ 44. Ke1 g5 45. hxg5 hxg5 46. Kd1 Rg2 47. Rxb3 Ke7 48. Rb6 Rxg3 49. Kd2 f4 50. exf4 gxf4 51. Rb4 e3+ 52. Ke2 Rg6 53. Kf3 Rxe6 54. Ke2 Rf6 55. Re4+ Kd6 56. Kd3 Kd5 57. Rd4+ Kc5 58. Rc4+ Kb5 59. Rc1 Re6 60. Ke2 Rf6 61. Kf3 Kb4 62. Re1 Kc3 63. Ke4 Kd2 64. Rg1 e2 65. Rg2 Kd1 {White resigns} 0-1

[Event "FICS rated standard game"]
[Site "FICS freechess.org"]
[FICSGamesDBGameNo "20001703"]
[White "taek"]
[Black "Cortez"]
[WhiteElo "1540"]
[BlackElo "1355"]
[WhiteRD "na"]
[BlackRD "na"]
[TimeControl "900+15"]
[Date "1999.09.08"]
[Time "16:39:00"]
[WhiteClock "0:15:00.000"]
[BlackClock "0:15:00.000"]
[ECO "B00"]
[PlyCount "59"]
[Result "1-0"]

1. e4 d6 2. d4 Nc6 3. Bc4 e6 4. Nf3 a6 5. d5 Na5 6. Nbd2 Nxc4 7. Nxc4 b5 8. Ne3 e5 9. O-O Be7 10. Nf5 Bxf5 11. exf5 Qd7 12. Qd3 Rc8 13. Bg5 Bxg5 14. Nxg5 h6 15. Ne4 c5 16. f4 c4 17. Qg3 f6 18. Rae1 Rd8 19. fxe5 dxe5 20. Nc5 Qa7 21. Rxe5+ fxe5 22. Qxe5+ Ne7 23. Qxg7 Qxc5+ 24. Kh1 Kd7 25. f6 Rdg8 26. Qf7 Rf8 27. Qe6+ Ke8 28. d6 Rh7 29. Rd1 Rhf7 30. dxe7 {Black forfeits on time} 1-0

[Event "FICS rated blitz game"]
[Site "FICS freechess.org"]
[FICSGamesDBGameNo "20001702"]
[White "CitizenK"]
[Black "Batia"]
[WhiteElo "1589"]
[BlackElo "1653"]
[WhiteRD "na"]
[BlackRD "na"]
[TimeControl "300+0"]
[Date "1999.09.08"]
[Time "15:42:00"]
[WhiteClock "0:05:00.000"]
[BlackClock "0:05:00.000"]
[ECO "B00"]
[PlyCount "77"]
[Result "1-0"]

1. e4 b6 2. d4 Bb7 3. Nc3 c5 4. d5 e6 5. dxe6 fxe6 6. Qh5+ g6 7. Qh3 Nf6 8. Bg5 Be7 9. e5 Nd5 10. Bxe7 Qxe7 11. Nxd5 Bxd5 12. O-O-O Bxa2 13. b3 Nc6 14. Qf3 Qg5+ 15. Kb2 Qxe5+ 16. Kxa2 Nb4+ 17. Kb1 Rc8 18. Bb5 Rc7 19. Qa8+ Ke7 20. Qf3 Rf8 21. Qe3 Qf5 22. Qd2 Qxf2 23. Nh3 Qxd2 24. Rxd2 a6 25. Be2 d5 26. c3 Nc6 27. Bxa6 Ra8 28. Bb5 Ne5 29. Re1 Kd6 30. c4 d4 31. Rde2 Rca7 32. Rxe5 Ra1+ 33. Kc2 R1a2+ 34. Kd3 Rxg2 35. Rxe6+ Kc7 36. Re7+ Kd8 37. Re8+ Kc7 38. R1e7+ Kd6 39. Rd7# {Black checkmated} 1-0

[Event "FICS rated lightning game"]
[Site "FICS freechess.org"]
[FICSGamesDBGameNo "20001701"]
[White "Antuan"]
[Black "ilios"]
[WhiteElo "1652"]
[BlackElo "1663"]
[WhiteRD "na"]
[BlackRD "na"]
[TimeControl "120+0"]
[Date "1999.09.08"]
[Time "15:34:00"]
[WhiteClock "0:02:00.000"]
[BlackClock "0:02:00.000"]
[ECO "B08"]
[PlyCount "56"]
[Result "1-0"]

1. e4 d6 2. Nf3 Nf6 3. Nc3 g6 4. d4 Bg7 5. Bc4 O-O 6. O-O e5 7. h3 Nc6 8. a4 exd4 9. Nxd4 Ne5 10. Ba2 a6 11. Qe2 Kh8 12. Be3 Nc6 13. Nxc6 bxc6 14. Rad1 Qe7 15. Bg5 Bb7 16. f4 Qe8 17. Qf3 c5 18. Nd5 Nxd5 19. exd5 Qxa4 20. Bb3 Qb5 21. f5 Rfe8 22. f6 Bf8 23. Qf4 a5 24. Bh6 Qb4 25. Bxf8 Qxf4 26. Rxf4 Rxf8 27. Re1 Kg8 28. Rfe4 Rac8 {Black forfeits on time} 1-0

[Event "FICS rated blitz game"]
[Site "FICS freechess.org"]
[FICSGamesDBGameNo "20001700"]
[White "sofus"]
[Black "marix"]
[WhiteElo "1854"]
[BlackElo "1822"]
[WhiteRD "na"]
[BlackRD "na"]
[TimeControl "180+0"]
[Date "1999.09.08"]
[Time "15:15:00"]
[WhiteClock "0:03:00.000"]
[BlackClock "0:03:00.000"]
[ECO "B50"]
[PlyCount "41"]
[Result "0-1"]

1. e4 c5 2. Nf3 d6 3. b3 Nf6 4. d3 Bg4 5. Be2 e6 6. O-O Be7 7. Bb2 O-O 8. Nbd2 Nc6 9. h3 Bh5 10. c3 Qc7 11. d4 Rad8 12. Nh2 Bg6 13. Bd3 Ne5 14. dxe5 dxe5 15. Qe2 a6 16. c4 Qd6 17. Bxe5 Qxd3 18. Qxd3 Rxd3 19. Bxf6 Bxf6 20. Rad1 Rfd8 21. Nhf3 {White resigns} 0-1

[Event "FICS rated lightning game"]
[Site "FICS freechess.org"]
[FICSGamesDBGameNo "20001698"]
[White "GOUPY"]
[Black "hbp"]
[WhiteElo "1612"]
[BlackElo "1937"]
[WhiteRD "na"]
[BlackRD "na"]
[TimeControl "60+0"]
[Date "1999.09.08"]
[Time "15:04:00"]
[WhiteClock "0:01:00.000"]
[BlackClock "0:01:00.000"]
[ECO "B30"]
[PlyCount "88"]
[Result "0-1"]

1. e4 c5 2. Nf3 Nc6 3. Be2 g6 4. c3 Bg7 5. O-O Nf6 6. d3 O-O 7. Bf4 d6 8. Nbd2 Bg4 9. h3 Bxf3 10. Bxf3 e5 11. Be3 h6 12. Nb3 Kh7 13. d4 cxd4 14. cxd4 exd4 15. Nxd4 Nxd4 16. Bxd4 Qe7 17. Qb3 b6 18. Rae1 Rac8 19. e5 dxe5 20. Bxe5 Qd7 21. Qe3 Qf5 22. Bxf6 Qxf6 23. Bg4 Rcd8 24. Qf3 Qxf3 25. Bxf3 Bxb2 26. Re7 Rde8 27. Rxa7 Bd4 28. Rb7 Kg7 29. Bd5 Kf6 30. Bxf7 Rxf7 31. Rxf7+ Kxf7 32. g3 Re2 33. Kg2 Rxa2 34. Kf3 b5 35. Ke4 Bf6 36. Rb1 Rb2 37. Rxb2 Bxb2 38. Kd3 b4 39. Kc4 Bc3 40. f3 Kf6 41. g4 g5 42. Kb3 Ke5 43. Kc4 Kf4 44. Kb3 Kxf3 {White resigns} 0-1

[Event "FICS rated blitz game"]
[Site "FICS freechess.org"]
[FICSGamesDBGameNo "20001697"]
[White "Rannerboy"]
[Black "richhughes"]
[WhiteElo "1133"]
[BlackElo "896"]
[WhiteRD "na"]
[BlackRD "na"]
[TimeControl "180+0"]
[Date "1999.09.08"]
[Time "12:30:00"]
[WhiteClock "0:03:00.000"]
[BlackClock "0:03:00.000"]
[ECO "A06"]
[PlyCount "55"]
[Result "1-0"]

1. e4 d5 2. Nf3 dxe4 3. Nh4 Bg4 4. f3 Bh5 5. fxe4 g6 6. Be2 Qd7 7. Nc3 Qe6 8. d3 Qe5 9. g4 Bxg4 10. Bxg4 h5 11. Bf3 Nf6 12. Be3 g5 13. Nf5 g4 14. Be2 e6 15. d4 Qa5 16. Qd3 Nc6 17. O-O-O e5 18. Nb5 Nb4 19. Qc4 Nxa2+ 20. Kb1 O-O-O 21. Bd2 Qb6 22. Kxa2 exd4 23. Kb1 Nxe4 24. Bd3 Nf2 25. Qxf7 Nxd1 26. Rxd1 Rd7 27. Qf6 Qxf6 28. c3 {Black forfeits on time} 1-0

[Event "FICS rated blitz game"]
[Site "FICS freechess.org"]
[FICSGamesDBGameNo "20001696"]
[White "Thoram"]
[Black "Deadh"]
[WhiteElo "1767"]
[BlackElo "1767"]
[WhiteRD "na"]
[BlackRD "na"]
[TimeControl "180+0"]
[Date "1999.09.08"]
[Time "12:28:00"]
[WhiteClock "0:03:00.000"]
[BlackClock "0:03:00.000"]
[ECO "A40"]
[PlyCount "68"]
[Result "0-1"]

1. d4 e5 2. Nf3 e4 3. Nfd2 d5 4. c4 f5 5. cxd5 Nf6 6. Nc3 Nxd5 7. e3 Nxc3 8. bxc3 Bd6 9. Qh5+ g6 10. Qd1 Be6 11. c4 c5 12. Nb3 Qe7 13. d5 Bd7 14. Bb2 O-O 15. Be2 f4 16. exf4 Bxf4 17. O-O e3 18. fxe3 Bxe3+ 19. Kh1 Qh4 20. Rxf8+ Kxf8 21. Qf1+ Kg8 22. Qf6 Qxf6 23. Bxf6 Bf5 24. Na5 Nd7 25. Bh4 b6 26. Nc6 Re8 27. Ne7+ Kg7 28. Nxf5+ gxf5 29. Bh5 Re4 30. Be8 Rxe8 31. Re1 Re4 32. Bg3 f4 33. Bh4 Nf6 34. g3 f3 {White resigns} 0-1

[Event "FICS rated lightning game"]
[Site "FICS freechess.org"]
[FICSGamesDBGameNo "20001695"]
[White "jtchezz"]
[Black "Lubi"]
[WhiteElo "1750"]
[BlackElo "1519"]
[WhiteRD "na"]
[BlackRD "na"]
[TimeControl "0+1"]
[Date "1999.09.08"]
[Time "11:40:00"]
[WhiteClock "0:10.000"]
[BlackClock "0:10.000"]
[ECO "A40"]
[PlyCount "35"]
[Result "1-0"]

1. d4 e6 2. Nf3 g6 3. g3 Bg7 4. Bg2 f6 5. c3 c6 6. O-O d5 7. h3 Ne7 8. Kh2 Nd7 9. Nbd2 O-O 10. e4 e5 11. exd5 Nxd5 12. dxe5 Nxe5 13. Nxe5 fxe5 14. Ne4 Nf6 15. Qxd8 Rxd8 16. Bg5 Rd7 17. Bxf6 Bh6 18. Bg5 {Black forfeits on time} 1-0

[Event "FICS rated blitz game"]
[Site "FICS freechess.org"]
[FICSGamesDBGameNo "20001694"]
[White "Andropov"]
[Black "Diosnikos"]
[WhiteElo "1677"]
[BlackElo "1734"]
[WhiteRD "na"]
[BlackRD "na"]
[TimeControl "180+0"]
[Date "1999.09.08"]
[Time "10:21:00"]
[WhiteClock "0:03:00.000"]
[BlackClock "0:03:00.000"]
[ECO "A65"]
[PlyCount "69"]
[Result "1-0"]

1. d4 Nf6 2. c4 c5 3. d5 e6 4. Nc3 exd5 5. cxd5 d6 6. e4 g6 7. Bd3 Bg7 8. Bg5 h6 9. Bh4 g5 10. Bg3 O-O 11. Nf3 Re8 12. O-O c4 13. Bc2 a6 14. a4 Bg4 15. h3 Bh5 16. Re1 Nbd7 17. Re3 Nc5 18. Qe1 Bxf3 19. Rxf3 Nh5 20. Bh2 f5 21. Rxf5 Qd7 22. Qd1 Bxc3 23. bxc3 Nxe4 24. Bxe4 Rxe4 25. Qxh5 Rae8 26. Qg6+ Qg7 27. Qxg7+ Kxg7 28. Bxd6 Re1+ 29. Rxe1 Rxe1+ 30. Kh2 Kg6 31. Re5 Rxe5 32. Bxe5 Kf5 33. Bd4 b5 34. axb5 axb5 35. g4+ {Black forfeits on time} 1-0

[Event "FICS rated blitz game"]
[Site "FICS freechess.org"]
[FICSGamesDBGameNo "20001693"]
[White "Andreyy"]
[Black "Nenja"]
[WhiteElo "1695"]
[BlackElo "1699"]
[WhiteRD "na"]
[BlackRD "na"]
[TimeControl "180+0"]
[Date "1999.09.08"]
[Time "07:09:00"]
[WhiteClock "0:03:00.000"]
[BlackClock "0:03:00.000"]
[ECO "E01"]
[PlyCount "113"]
[Result "1-0"]

1. d4 d5 2. c4 e6 3. Nf3 Nf6 4. g3 c6 5. Bg2 Nbd7 6. O-O Bd6 7. c5 Bc7 8. b4 O-O 9. Bg5 h6 10. Bxf6 Nxf6 11. Nc3 Re8 12. e4 dxe4 13. Ne5 Nd5 14. Nxe4 Nxb4 15. Qf3 Bxe5 16. dxe5 Nd5 17. Nd6 Re7 18. Rab1 b6 19. cxb6 axb6 20. Rfc1 Rxa2 21. Rxc6 Ba6 22. Rbc1 Kh7 23. h4 Be2 24. Qe4+ g6 25. Rc8 Qd7 26. h5 Qa4 27. hxg6+ fxg6 28. Qxa4 Rxa4 29. Bxd5 exd5 30. R1c7 Rxc7 31. Rxc7+ Kg8 32. Kg2 Ra1 33. e6 Bf1+ 34. Kf3 Re1 35. e7 Be2+ 36. Kf4 Bh5 37. Rc8+ Kg7 38. e8=Q g5+ 39. Kf5 Bxe8 40. Rxe8 Rxe8 41. Nxe8+ Kf7 42. Nd6+ Ke7 43. Nb5 Kd7 44. Ke5 Kc6 45. Nd4+ Kc5 46. Ne6+ Kc4 47. f4 gxf4 48. gxf4 b5 49. f5 b4 50. f6 b3 51. f7 b2 52. f8=Q b1=Q 53. Qc5+ Kd3 54. Qxd5+ Ke2 55. Qe4+ Kf2 56. Qxb1 Kf3 57. Qe4+ {Black forfeits on time} 1-0

[Event "FICS rated blitz game"]
[Site "FICS freechess.org"]
[FICSGamesDBGameNo "20001692"]
[White "Pierlu"]
[Black "Kolas"]
[WhiteElo "1540"]
[BlackElo "1627"]
[WhiteRD "na"]
[BlackRD "na"]
[TimeControl "180+0"]
[Date "1999.09.08"]
[Time "07:06:00"]
[WhiteClock "0:03:00.000"]
[BlackClock "0:03:00.000"]
[ECO "B33"]
[PlyCount "74"]
[Result "0-1"]

1. e4 c5 2. Nf3 Nc6 3. d4 cxd4 4. Nxd4 Nf6 5. Nc3 e5 6. Nxc6 dxc6 7. Qxd8+ Kxd8 8. Bg5 Be7 9. O-O-O+ Ke8 10. Bc4 Ng4 11. Be3 Nxe3 12. fxe3 Bg5 13. Rhf1 Bxe3+ 14. Kb1 f6 15. Ne2 Bg4 16. h3 Bxe2 17. Bxe2 Ke7 18. Bg4 Rad8 19. c3 h5 20. Bf5 Rxd1+ 21. Rxd1 Rd8 22. Rxd8 Kxd8 23. Kc2 Ke7 24. Bc8 b6 25. Bb7 c5 26. Kd3 Bg5 27. Kc4 Kd6 28. Kb5 Kc7 29. Ka6 Bc1 30. b3 Bb2 31. c4 g6 32. Kxa7 f5 33. Ka6 f4 34. Kb5 g5 35. a4 Ba3 36. a5 Kxb7 37. axb6 g4 {White resigns} 0-1

[Event "FICS rated blitz game"]
[Site "FICS freechess.org"]
[FICSGamesDBGameNo "20001691"]
[White "Kortchnoj"]
[Black "adnans"]
[WhiteElo "1466"]
[BlackElo "1587"]
[WhiteRD "na"]
[BlackRD "na"]
[TimeControl "180+0"]
[Date "1999.09.08"]
[Time "06:53:00"]
[WhiteClock "0:03:00.000"]
[BlackClock "0:03:00.000"]
[ECO "C44"]
[PlyCount "77"]
[Result "0-1"]

1. e4 e5 2. Nf3 Nc6 3. d4 exd4 4. Bc4 d6 5. c3 Bg4 6. cxd4 Qe7 7. O-O O-O-O 8. Nc3 Nf6 9. Re1 Na5 10. Bd3 Nc6 11. Be3 Nd7 12. h3 Bh5 13. a3 Qf6 14. Nd5 Bxf3 15. Qxf3 Qxf3 16. gxf3 Be7 17. Rec1 Bh4 18. Rc3 Nf6 19. Bc4 Rd7 20. Nxf6 Bxf6 21. Bxf7 Rxf7 22. d5 Bxc3 23. dxc6 b6 24. bxc3 Rxf3 25. Kg2 Rhf8 26. c4 R3f6 27. a4 Rg6+ 28. Kf1 Rf3 29. Ke2 Rxh3 30. a5 Rh5 31. axb6 cxb6 32. Rxa7 Ra5 33. Rb7 Rf6 34. Rxb6 Rf7 35. Rb3 Rc7 36. Rb5 Rxc6 37. Rxa5 Rxc4 38. Ra6 Rxe4 39. Rxd6 {White forfeits on time} 0-1

[Event "FICS rated lightning game"]
[Site "FICS freechess.org"]
[FICSGamesDBGameNo "20001690"]
[White "spurs"]
[Black "Field"]
[WhiteElo "2075"]
[BlackElo "1858"]
[WhiteRD "na"]
[BlackRD "na"]
[TimeControl "60+0"]
[Date "1999.09.08"]
[Time "06:36:00"]
[WhiteClock "0:01:00.000"]
[BlackClock "0:01:00.000"]
[ECO "D03"]
[PlyCount "47"]
[Result "1-0"]

1. d4 e6 2. Nf3 d5 3. Bg5 Nf6 4. Bxf6 Qxf6 5. e3 Qd8 6. Bb5+ c6 7. Bd3 Be7 8. Nbd2 O-O 9. c3 c5 10. g4 cxd4 11. exd4 Nc6 12. h4 e5 13. g5 e4 14. Nxe4 dxe4 15. Bxe4 Bd7 16. Qd3 g6 17. O-O-O Qc8 18. h5 Bg4 19. hxg6 fxg6 20. Bxg6 Bxf3 21. Bxh7+ Kg7 22. Qg6+ Kh8 23. Bg8+ Bh5 24. Rxh5# {Black checkmated} 1-0